 Dungeon Crawl Stone Soup version 0.30.1-9-gdf580d7c3d (webtiles) character file.

Game seed: 17622397797870820375

1563 cvstardbvns the Thrower (level 8, -2/64 HPs)
             Began as a Gnoll Wanderer on Oct 8, 2023.
             Was an Initiate of Yredelemnul.
             Slain by a wyvern zombie (10 damage)
             ... animated by the player character
             ... on level 5 of the Dungeon.
             The game lasted 00:38:53 (5065 turns).

cvstardbvns the Thrower (Gnoll Wanderer)            Turns: 5065, Time: 00:38:53

Health: -2/64      AC:  7    Str: 15    XL:     8   Next: 89%
Magic:  7/13       EV: 12    Int: 12    God:    Yredelemnul [......]
Gold:   257        SH:  0    Dex: 10    Spells: 3/14 levels left

rFire   . . .        w - +4 quarterstaff (chaos)
rCold   + . .        (shield currently unavailable)
rNeg    . . .        F - +0 robe
rPois   .            (no helmet)
rElec   .            x - +0 cloak
rCorr   .            (no gloves)
SInv    .            (no boots)
Will    .....        (no amulet)
Stlth   ++           e - ring of protection from cold
HPRegen 0.30/turn    n - +4 ring of protection
MPRegen 0.13/turn

%: no passive effects
@: very slightly contaminated, unable to drink
A: fangs 1, strong nose, distributed training, subdued magic 1, inability to
drink after injury 1
a: Renounce Religion, Recall Undead Harvest


You were on level 5 of the Dungeon.
You worshipped Yredelemnul.
Yredelemnul was noncommittal.
You visited 1 branch of the dungeon, and saw 5 of its levels.
You also visited: Ossuary.

You collected 257 gold pieces.

Inventory:

Hand Weapons
 a - a +2 dagger
 c - a +0 mace
 s - a +0 falchion
 w - a +4 quarterstaff of chaos (weapon)
Missiles
 b - 2 curare-tipped darts (quivered)
 l - 8 poisoned darts
Armour
 d - a +0 scale mail
 x - a +0 cloak (worn)
 F - a +0 robe (worn)
Jewellery
 e - a ring of protection from cold (left hand)
 n - a +4 ring of protection (right hand)
 z - an amulet of regeneration
 G - a ring of resist corrosion
Wands
 u - a wand of polymorph (5)
Scrolls
 g - 4 scrolls of vulnerability {unknown}
 k - 2 scrolls of silence {unknown}
 o - 2 scrolls of acquirement {unknown}
 p - 7 scrolls of identify {unknown}
 t - a scroll of fog {unknown}
 v - 2 scrolls of blinking {unknown}
 y - 3 scrolls of immolation {unknown}
 C - 2 scrolls of enchant armour {unknown}
 D - 2 scrolls of teleportation {unknown}
Potions
 f - 2 potions of haste {unknown}
 h - 3 potions of curing
 i - 2 potions of brilliance {unknown}
 j - 2 potions of magic {unknown}
 m - 4 potions of mutation
 q - a potion of ambrosia {unknown}
 r - 3 potions of flight {unknown}
 A - a potion of might {unknown}
 B - a potion of resistance {unknown}
 E - 2 potions of attraction {unknown}


   Skills:
 + Level 6.0 Fighting
 + Level 3.8 Short Blades
 + Level 3.8 Long Blades
 + Level 3.8 Axes
 + Level 4.6 Maces & Flails
 + Level 3.8 Polearms
 + Level 3.8 Staves
 + Level 3.8 Ranged Weapons
 + Level 9.4 Throwing
 + Level 6.0 Armour
 + Level 3.8 Dodging
 + Level 4.5 Stealth
 + Level 3.8 Shields
 + Level 3.8 Unarmed Combat
 + Level 3.8 Spellcasting
 + Level 3.1 Conjurations
 + Level 3.1 Hexes
 + Level 3.1 Summonings
 + Level 3.1 Necromancy
 + Level 3.1 Translocations
 + Level 3.1 Transmutations
 + Level 3.1 Fire Magic
 + Level 3.1 Ice Magic
 + Level 3.1 Air Magic
 + Level 3.1 Earth Magic
 + Level 3.1 Poison Magic
 + Level 4.2 Invocations
 + Level 3.8 Evocations


You had 3 spell levels left.
You knew the following spells:

 Your Spells              Type           Power      Damage    Failure   Level
a - Lesser Beckoning      Tloc           14%        N/A       8%          2
b - Tukima's Dance        Hex            7%         N/A       16%         3
c - Gell's Gravitas       Tloc           7%         N/A       16%         3
d - Teleport Other        Tloc           7%         N/A       16%         3

Your spell library contained the following spells:

 Spells                   Type           Power      Damage    Failure   Level
 Apportation              Tloc           14%        N/A       4%          1
 Passage of Golubria      Tloc           7%         N/A       47%         4
 Alistair's Intoxication  Tmut/Pois      4%         N/A       83%         5
 Yara's Violent Unravell  Hex/Tmut       3%         3d4       83%         5


Dungeon Overview and Level Annotations

Branches:
Dungeon (5/15)            Ossuary (visited)
 Temple: D:4-7

Altars:
Ru
Yredelemnul

Annotations:
D:5 Edmund, Pikel


Innate Abilities, Weirdness & Mutations

You have very sharp teeth.
Your uncanny sense of smell can sniff out nearby items.
Your experience applies equally to all skills.
Your spells are a little easier to cast, but a little less powerful.
You occasionally lose the ability to drink potions when taking damage.


Message History

Nothing appears to happen.
Edmund hits your ogre zombie with a +5 flail of holy wrath!
Your ogre zombie convulses.
Your wyvern zombie bites the lemure.
Casting: Gell's Gravitas (dangerous; 16% risk of failure)
Confirm with . or Enter, or press ? or * to list all spells.
Aiming: Gell's Gravitas (dangerous; 16% risk of failure)
Press: ? - help, Dir - move target, f/p - Edmund
Aim: Edmund, wielding a +5 flail of holy wrath and wearing a +0 leather armour (ally target) Gravity reorients around Edmund.
The lemure collides with Edmund!
Edmund is lightly wounded.
The lemure is lightly wounded.
The ogre zombie collides with Edmund!
Edmund is lightly wounded.
The ogre zombie is almost destroyed.
The wyvern zombie collides with the lemure!
The lemure is moderately wounded.
The wyvern zombie bites you. The lemure closely misses you.
The ogre zombie hits you.
You sock the ogre zombie!
You destroy the ogre zombie!
That felt strangely unrewarding.
The wyvern zombie bites you!
Pikel, Merchant of Souls comes into view.
He is wielding a +0 whip of electrocution.
A lemure comes into view.
Edmund hits you with a +5 flail of holy wrath!
The lemure hits you. The wyvern zombie bites you!
You feel threatened and lose the ability to drink potions!
Edmund closely misses you. The lemure hits you but does no damage.
The wyvern zombie bites you! The lemure attacks as you move away!
The lemure hits you.
* * * LOW HITPOINT WARNING * * *
The lemure shouts!
Pikel shouts!
You hear a shout! x2
Edmund attacks as you move away!
Edmund hits you with a +5 flail of holy wrath!
* * * LOW HITPOINT WARNING * * *
Found 3 poisoned darts.
You closely miss the lemure.
The lemure is moderately wounded.
The wyvern zombie misses you. Edmund completely misses you.
The lemure hits you but does no damage. The wyvern zombie bites you!
You die...
Your body rises from the dead as a mindless zombie.

..##....##..#
#....... ..
#.#..#..####......##
. #.#.......#........
#.###.#..##..K.5.###.
..# ###.............(
...# ##.............
...##
#....#..........#
#...#
#...##..@5.....#
...........
##.Z@.....# ##..
...... #.........# #
.....# ###.......#
.......##. ....##...
...... ...## ..
..fS.. ..... . ..?...
.....# ...... .......
......


You could see Edmund, Pikel, 2 lemures and a wyvern zombie.

Vanquished Creatures
  A wyvern (D:5)
  The ghost of waddelsworth the Poker, an amateur MiBe of Trog (D:4)
  An ogre (D:5)
  A centaur (D:4)
  A water moccasin zombie (Ossuary)
  A scorpion (D:4)
  A wight (Ossuary)
  A centaur zombie (Ossuary)
  A human zombie (Ossuary)
  A bullfrog zombie (Ossuary)
  A hound (D:3)
  3 orc priests (D:4)
  Crazy Yiuf (D:2)
  3 iguanas
  An orc wizard (D:4)
  Terence (D:2)
  Natasha (thrice) (D:2)
  3 scorpion zombies (Ossuary)
  2 ogre zombies
  Robin (D:2)
  7 gnolls
  4 adders (D:4)
  4 adder zombies (Ossuary)
  2 worms
  12 orcs (D:4)
  5 ball pythons
  6 endoplasms
  A giant cockroach (D:3)
  5 hobgoblins
  4 jackals (D:4)
  9 kobolds
  2 quokkas
  4 bats
  8 goblins
  3 goblin zombies (Ossuary)
  3 hobgoblin zombies (Ossuary)
  6 orc zombies
  3 rats
117 creatures vanquished.

Vanquished Creatures (collateral kills)
  An ice beast (D:5)
  A howler monkey (D:5)
  2 adders (D:5)
  A shadow imp (D:5)
  2 orcs (D:4)
  A ball python (D:2)
  2 bats (D:1)
  4 endoplasms
  3 goblins
  3 hobgoblins
  A frilled lizard (D:1)
  4 kobolds
25 creatures vanquished.

Vanquished Creatures (others)
  A dancing weapon (D:4)
  A scorpion zombie (D:4)
  A hound zombie (D:3)
  An adder zombie (D:1)
  2 felid zombies (D:2)
  A worm zombie (D:2)
  3 bat zombies
  3 ball python zombies
  4 endoplasm zombies
  2 giant cockroach zombies
  5 goblin zombies
  2 hobgoblin zombies (D:2)
  A jackal zombie (D:1)
  4 kobold zombies
  3 orc zombies (D:4)
  A quokka zombie (D:3)
35 creatures vanquished.

Grand Total: 177 creatures vanquished

Notes
Turn   | Place    | Note
-------+----------+-------------------------------------------
     0 | D:1      | cvstardbvns the Gnoll Wanderer began the quest for the Orb.
     0 | D:1      | cvstardbvns set off with the following items: a +2 dagger,
                  | 2 curare-tipped darts, a +0 mace, a +0 scale mail, a potion
                  | of heal wounds.
     0 | D:1      | Reached XP level 1. HP: 20/20 MP: 1/1
    11 | D:1      | Found a faded altar of an unknown god.
    17 | D:1      | Prayed at the altar of an unknown god.
    17 | D:1      | Became a worshipper of Yredelemnul the Dark
    17 | D:1      | Reached * piety under Yredelemnul
   171 | D:1      | Reached XP level 2. HP: 8/26 MP: 2/2
   423 | D:1      | Reached ** piety under Yredelemnul
   782 | D:2      | Noticed Natasha
   795 | D:2      | Killed Natasha
   796 | D:2      | Reached skill level 1 in Short Blades
   796 | D:2      | Reached skill level 1 in Long Blades
   796 | D:2      | Reached skill level 1 in Axes
   796 | D:2      | Reached skill level 1 in Polearms
   796 | D:2      | Reached skill level 1 in Staves
   796 | D:2      | Reached skill level 1 in Ranged Weapons
   796 | D:2      | Reached skill level 1 in Dodging
   796 | D:2      | Reached skill level 1 in Shields
   796 | D:2      | Reached skill level 1 in Unarmed Combat
   796 | D:2      | Reached skill level 1 in Spellcasting
   796 | D:2      | Reached skill level 1 in Invocations
   796 | D:2      | Reached skill level 1 in Evocations
   796 | D:2      | Reached XP level 3. HP: 17/31 MP: 2/4
   964 | D:2      | Noticed Natasha
   989 | D:2      | Killed Natasha
   990 | D:2      | Reached XP level 4. HP: 14/38 MP: 5/5
  1092 | D:2      | Reached skill level 1 in Conjurations
  1092 | D:2      | Reached skill level 1 in Hexes
  1092 | D:2      | Reached skill level 1 in Summonings
  1092 | D:2      | Reached skill level 1 in Necromancy
  1092 | D:2      | Reached skill level 1 in Translocations
  1092 | D:2      | Reached skill level 1 in Transmutations
  1092 | D:2      | Reached skill level 1 in Fire Magic
  1092 | D:2      | Reached skill level 1 in Ice Magic
  1092 | D:2      | Reached skill level 1 in Air Magic
  1092 | D:2      | Reached skill level 1 in Earth Magic
  1092 | D:2      | Reached skill level 1 in Poison Magic
  1149 | D:2      | Noticed Terence
  1161 | D:2      | Killed Terence
  1329 | D:2      | Noticed Natasha
  1337 | D:2      | Killed Natasha
  1338 | D:2      | Reached XP level 5. HP: 32/43 MP: 7/7
  1440 | D:2      | Noticed Robin
  1459 | D:2      | Your ally Natasha died
  1467 | D:2      | Your ally Natasha died
  1480 | D:2      | Killed Robin
  1837 | D:2      | Found a runed translucent door.
  1838 | D:2      | Noticed Crazy Yiuf
  1845 | D:2      | Your ally Robin died
  1850 | D:2      | Gained mutation: Your spells are a little easier to cast,
                  | but a little less powerful. [potion of mutation]
  1850 | D:2      | Gained mutation: You occasionally lose the ability to drink
                  | potions when taking damage. [potion of mutation]
  1852 | D:2      | Killed Crazy Yiuf
  1901 | D:2      | Found a sacrificial altar of Ru.
  2362 | D:3      | Reached XP level 6. HP: 49/50 MP: 8/8
  2765 | D:3      | Reached skill level 5 in Fighting
  2765 | D:3      | Reached skill level 5 in Armour
  3124 | D:4      | Learned a level 2 spell: Lesser Beckoning
  3365 | D:4      | Found a sand-covered staircase.
  3373 | Ossuary  | Entered an ossuary
  3461 | Ossuary  | Reached XP level 7. HP: 50/56 MP: 10/10
  3515 | Ossuary  | Reached skill level 9 in Throwing
  3588 | Ossuary  | Noticed a silent spectre
  4037 | D:4      | Learned a level 3 spell: Tukima's Dance
  4073 | D:4      | Found a runed translucent gate.
  4075 | D:4      | Reached XP level 8. HP: 63/63 MP: 12/12
  4079 | D:4      | Found a runed translucent gate.
  4079 | D:4      | Noticed waddelsworth's ghost (amateur MiBe)
  4080 | D:4      | Found a runed translucent gate.
  4202 | D:4      | Identified the +0 spear "Jouj" {protect, rF+ rC+ Str+2
                  | SInv}
  4221 | D:4      | Killed waddelsworth's ghost
  4550 | D:5      | Entered Level 5 of the Dungeon
  4649 | D:5      | Learned a level 3 spell: Gell's Gravitas
  4653 | D:5      | Learned a level 3 spell: Teleport Other
  4802 | D:5      | Noticed a wyvern
  4812 | D:5      | Killed a wyvern
  5053 | D:5      | Noticed Edmund
  5061 | D:5      | Noticed Pikel
  5065 | D:5      | Slain by a wyvern zombie

Illustrated notes

Levels and vault maps discovered:
D:1:      nicolae_arrival_escape_room, layout_basic,
          ebering_ecumenical_altar_mist, minmay_unequal
D:2:      layout_loops_corners, basic_altar, uniq_natasha, uniq_terence,
          uniq_crazy_yiuf_cottage, uniq_robin
D:3:      layout_loops_ring, hangedman_decor_slide_cut, grunt_ministairs_11,
          serial_bayou_pond_e
D:4:      layout_gridville, chequers_ossuary_entry_cave,
          biasface_ghost_orc_armoury, minmay_pentomino_pile
D:5:      layout_cave_pools, kennysheep_nondescript, uniq_pikel, uniq_edmund

Skill      XL: |  1  2  3  4  5  6  7  8 |
---------------+-------------------------+-----
Short Blades   | 1 2 3 |  3.8
Long Blades    | 1 2 3 |  3.8
Axes           | 1 2 3 |  3.8
Polearms       | 1 2 3 |  3.8
Staves         | 1 2 3 |  3.8
Ranged Weapons | 1 2 3 |  3.8
Dodging        | 1 2 3 |  3.8
Shields        | 1 2 3 |  3.8
Unarmed Combat | 1 2 3 |  3.8
Spellcasting   | 1 2 3 |  3.8
Invocations    | 1 2 3 4 |  4.2
Evocations     | 1 2 3 |  3.8
Conjurations   | 1 2 3 |  3.1
Hexes          | 1 2 3 |  3.1
Summonings     | 1 2 3 |  3.1
Necromancy     | 1 2 3 |  3.1
Translocations | 1 2 3 |  3.1
Transmutations | 1 2 3 |  3.1
Fire Magic     | 1 2 3 |  3.1
Ice Magic      | 1 2 3 |  3.1
Air Magic      | 1 2 3 |  3.1
Earth Magic    | 1 2 3 |  3.1
Poison Magic   | 1 2 3 |  3.1
Maces & Flails | 3 4 |  4.6
Stealth        | 3 4 |  4.5
Fighting       | 5 6 |  6.0
Armour         | 5 6 |  6.0
Throwing       | 9 |  9.4

Action                     |  1- 3 |  4- 6 |  7- 9 || total
---------------------------+-------+-------+-------++-------
  Melee: Dagger            |    80 |    22 |       ||   102
         Bite              |     5 |    16 |    14 ||    35
         Punch             |     1 |     1 |       ||     2
         Falchion          |       |    43 |       ||    43
         Unarmed           |       |    14 |       ||    14
         Quarterstaff      |       |    98 |   138 ||   236
   Cast: Tukima's Dance    |       |       |     3 ||     3
         Gell's Gravitas   |       |       |     2 ||     2
 Invoke: Recall Undead Har |     2 |     1 |       ||     3
         Dark Bargain      |       |       |     1 ||     1
    Use: Potion            |     1 |     1 |       ||     2
   Stab: Distracted        |     1 |     2 |     1 ||     4
         Sleeping          |       |       |     1 ||     1
         Confused          |       |       |     1 ||     1
         Paralysed         |       |       |     1 ||     1
 Armour: Scale mail        |    63 |   128 |    67 ||   258
         Robe              |       |       |    20 ||    20
  Dodge: Dodged            |    64 |   102 |    89 ||   255
